 Dungeon Crawl Stone Soup version 0.31-a0-4-gefa6de2278 (webtiles) character file.

Game seed: 17130245587103783451

6434 Dadi the Basher (level 10, -10/102 HPs)
             Began as a Gargoyle Fighter on May 3, 2023.
             Was a Follower of Okawaru.
             Mangled by a two-headed ogre
             ... wielding a +0 giant spiked club
              (11 damage)
             ... on level 9 of the Dungeon on May 4, 2023.
             The game lasted 00:21:46 (8811 turns).

Dadi the Basher (Gargoyle Fighter)                  Turns: 8811, Time: 00:21:46

Health: -10/102    AC: 28    Str: 29 (31) XL:     10   Next: 99%
Magic:  8/10       EV:  2    Int:  7 (9)  God:    Okawaru [*.....]
Gold:   405        SH:  5    Dex:  6 (9)  Spells: 9/9 levels left

rFire   . . .        c - +10 mace "Kuedd" {flame, Str+7}
rCold   . . .        N - +0 buckler {AC+3}
rNeg    + . .        w - melded +4 ring mail of Minor Irritation {rElec}
rPois   ∞            p - melded +0 helmet
rElec   .            m - melded +0 cloak
rCorr   .            L - melded +1 pair of gloves
SInv    .            K - melded +0 pair of boots
Will    .....        (no amulet)
Stlth   ++           z - +4 ring of slaying
HPRegen 0.37/turn    n - +5 ring of evasion
MPRegen 0.12/turn

%: no passive effects
@: tree-form, heroic, hasted, very quick
A: stationary, stasis, torment immunity, boosted hp, sickness immunity, AC +7,
negative energy resistance 1, (electricity resistance), torment resistance 1,
petrification resistance
a: Renounce Religion, Heroism


You were on level 9 of the Dungeon.
You worshipped Okawaru.
Okawaru was aware of your devotion.
You were a tree.
You visited 1 branch of the dungeon, and saw 9 of its levels.

You collected 531 gold pieces.
You spent 126 gold pieces at shops.

Inventory:

Hand Weapons
 a - a +0 flail
 c - the +10 mace "Kuedd" (weapon) {flame, Str+7}
   (You took it off an orc on level 9 of the Dungeon)

   Str:       It affects your strength (+7).
 F - a +2 whip of draining
Armour
 m - a +0 cloak (melded)
 p - a +0 helmet (melded)
 w - the +4 ring mail of Minor Irritation (melded) {rElec}
   (You found it on level 4 of the Dungeon)

   rElec:     It insulates you from electricity.
 K - a +0 pair of boots (melded)
 L - a +1 pair of gloves (melded)
 N - a +0 buckler of protection (worn)
Jewellery
 h - a +6 ring of intelligence
 n - a +5 ring of evasion (right branch)
 o - a ring of fire
 z - a +4 ring of slaying (left branch)
 E - a ring of protection from fire
 H - a ring of protection from fire
Wands
 b - a wand of acid (4)
 q - a wand of charming (12)
 x - a wand of flame (15)
 y - a wand of polymorph (5)
Scrolls
 e - 3 scrolls of teleportation {unknown}
 g - 3 scrolls of amnesia {unknown}
 i - 2 scrolls of fog {unknown}
 j - 10 scrolls of identify {unknown}
 r - a scroll of noise {unknown}
 s - a scroll of summoning {unknown}
 v - 3 scrolls of enchant armour {unknown}
 A - 2 scrolls of torment {unknown}
 I - a scroll of poison {unknown}
Potions
 d - 3 potions of might
 f - 4 potions of curing {unknown}
 t - 3 potions of brilliance {unknown}
 u - a potion of flight {unknown}
 B - a potion of attraction {unknown}
 D - a potion of berserk rage {unknown}
 G - a potion of ambrosia {unknown}
 J - 2 potions of mutation {unknown}
 M - 2 potions of invisibility {unknown}


   Skills:
 - Level 10.0(15.0) Fighting
 + Level 13.1(18.1) Maces & Flails
 - Level 4.9(9.9) Armour
 - Level 5.0(10.0) Shields


You had 9 spell levels left.
You didn't know any spells.
Your spell library contained the following spells:

 Spells                   Type           Power      Damage    Failure   Level
 Ensorcelled Hibernation  Hex/Ice        0%         N/A       61%         2
 Passwall                 Tmut/Erth      0%         N/A       61%         2
 Hailstorm                Conj/Ice       0%         3d3       83%         3
 Swiftness                Air            0%         N/A       83%         3
 Vhi's Electric Charge    Tloc/Air       0%         N/A       83%         3
 Ice Form                 Ice/Tmut       0%         N/A       99%         4
 Manifold Assault         Tloc           0%         N/A       99%         4
 Arcjolt                  Conj/Air       0%         1d10      100%        5
 Dispersal                Tloc           0%         N/A       100%        6
 Disjunction              Tloc           0%         N/A       100%        8
 Maxwell's Capacitive Co  Air            0%         ∞         100%        8
 Simulacrum               Ice/Necr       Unusable   N/A       N/A         6

Dungeon Overview and Level Annotations

Branches:
Dungeon (9/15)             Temple (0/1) D:7            Lair (0/5) D:8
    Orc: D:9-12

Altars:
Okawaru
Xom
Yredelemnul
The Shining One
Lugonu

Shops:
D:6 [:=   D:9 *!

Portals:
Abyss: D:3

Annotations:
D:6 3 runed translucent doors, schwarznadel's ghost, novice GnMo
D:7 3 runed translucent doors, kuniqs's ghost, novice DsFi; scienide's ghost, novice GrFi


Innate Abilities, Weirdness & Mutations

You are a tree.
Your roots penetrate the ground, keeping you stationary.
You cannot be teleported.
You are immune to unholy pain and torment.
Your maximum health is greatly increased.
Your equipment is partially melded.
You are immune to sickness and miasma.
((Your stone body is resilient. (AC +7)))
You are immune to poison.
You resist negative energy. (rN+)
((You are resistant to electric shocks. (rElec)))
You are resistant to unholy torment.
You are immune to petrification.


Message History

The eight-headed hydra bites you but does no damage.
The eight-headed hydra completely misses you.
The eight-headed hydra closely misses you.
The eight-headed hydra bites you!
* * * LOW HITPOINT WARNING * * *
The eight-headed hydra completely misses you.
The eight-headed hydra bites you!
* * * LOW HITPOINT WARNING * * *
Okay, then.
Okay, then.
It was a potion of degeneration.
There was something very wrong with that liquid.
You feel weakened.
You feel dopey.
You feel clumsy. The two-headed ogre closely misses you.
The two-headed ogre hits you but does no damage.
The eight-headed hydra completely misses you.
The eight-headed hydra bites you but does no damage.
The eight-headed hydra bites you.
* * * LOW HITPOINT WARNING * * *
You block the eight-headed hydra's attack.
The eight-headed hydra barely misses you.
The eight-headed hydra bites you but does no damage.
You block the eight-headed hydra's attack.
The eight-headed hydra barely misses you.
It was a potion of lignification.
You turn into a tree.
Your +0 cloak melds into your body.
Your +0 helmet melds into your body.
Your +1 pair of gloves melds into your body.
Your +0 pair of boots melds into your body.
The +4 ring mail of Minor Irritation {rElec} melds into your body.
Your roots penetrate the ground.
The eight-headed hydra bites you but does no damage.
The eight-headed hydra bites you.
* * * LOW HITPOINT WARNING * * *
The eight-headed hydra bites you.
* * * LOW HITPOINT WARNING * * *
The eight-headed hydra bites you but does no damage. x4
You block the eight-headed hydra's attack.
It was a potion of haste.
You feel yourself speed up.
The two-headed ogre hits you with a +0 giant spiked club!
You die...

#........#
.#.......#
##.......#
#........# ##
#........# .)
#........#
########.......#
#}....#####DO.#
######....#♣..#
#..)#####.).#
####..#..)).#
#.###.....#
##.[......#
#........#
#........#
#........#
#........#


You could see an eight-headed hydra and a two-headed ogre.

Vanquished Creatures
  A deep elf pyromancer (D:9)
  A tengu conjurer (D:9)
  A troll (D:9)
  A hornet (D:7)
  A wraith (D:9)
  A yak (D:5)
  A wyvern (D:7)
  A steam dragon (D:7)
  A water moccasin (D:6)
  Duvessa (D:7)
  4 sky beasts
  An ice beast (D:7)
  3 orc warriors (D:9)
  2 black bears (D:6)
  3 ogres
  4 phantoms
  A kobold brigand (D:8)
  7 bullfrogs
  4 scorpions
  13 wights
  Dowan (D:7)
  8 killer bees (D:9)
  3 howler monkeys
  4 orc priests
  A gnoll bouda (D:7)
  3 hounds
  4 sleepcaps
  6 iguanas
  Ijyb (D:3)
  Natasha (thrice) (D:3 D:2)
  12 orc wizards
  3 gnolls
  4 adders
  3 shadow imps
  3 white imps (D:7)
  2 ufetubi
  An adder zombie (D:3)
  2 worms
  4 dart slugs
  35 orcs
  3 ball pythons (D:2)
  4 bats
  8 endoplasms
  A giant cockroach (D:1)
  12 hobgoblins
  10 jackals
  7 quokkas
  5 frilled lizards
  11 goblins
  17 kobolds
  2 quokka zombies (D:3)
  5 rats
240 creatures vanquished.

Vanquished Creatures (others)
  2 fungi (D:8)
  6 withered plants (D:7)
8 creatures vanquished.

Grand Total: 248 creatures vanquished

Notes
Turn   | Place    | Note
-------+----------+-------------------------------------------
     0 | D:1      | Dadi the Gargoyle Fighter began the quest for the Orb.
     0 | D:1      | Reached XP level 1. HP: 14/14 MP: 1/1
   134 | D:1      | Reached XP level 2. HP: 16/19 MP: 2/2
   340 | D:1      | Reached XP level 3. HP: 24/24 MP: 3/3
   463 | D:1      | Reached skill level 3 in Maces & Flails
  1052 | D:2      | Reached XP level 4. HP: 29/29 MP: 4/4
  1504 | D:3      | Noticed Natasha
  1515 | D:3      | Killed Natasha
  1516 | D:3      | Reached skill level 4 in Maces & Flails
  1654 | D:3      | Noticed Natasha
  1654 | D:3      | Noticed Ijyb
  1700 | D:4      | Noticed a scorpion
  1724 | D:4      | Killed a scorpion
  1725 | D:4      | Reached skill level 5 in Maces & Flails
  1725 | D:4      | Reached XP level 5. HP: 32/33 MP: 5/5
  1798 | D:4      | Identified the +4 ring mail of Minor Irritation {rElec}
  1900 | D:4      | Reached XP level 6. HP: 36/38 MP: 6/6
  1985 | D:4      | Reached skill level 6 in Maces & Flails
  2125 | D:3      | Killed Ijyb
  2155 | D:3      | Killed Natasha
  2209 | D:3      | Noticed Natasha
  2424 | D:2      | Killed Natasha
  2524 | D:3      | Reached skill level 7 in Maces & Flails
  2524 | D:3      | Reached XP level 7. HP: 29/43 MP: 7/7
  2627 | D:3      | Found a shimmering altar of Xom.
  2755 | D:3      | Found a large runed translucent door.
  2756 | D:3      | Found a large runed translucent door.
  2795 | D:3      | Found a basalt altar of Yredelemnul.
  2899 | D:3      | Found a corrupted altar of Lugonu.
  3142 | D:3      | Found a one-way gate to the infinite horrors of the Abyss.
  3331 | D:4      | Reached skill level 5 in Fighting
  3570 | D:5      | Entered Level 5 of the Dungeon
  3915 | D:5      | Noticed a yak
  4060 | D:6      | Found Yguuz's Jewellery Emporium.
  4060 | D:6      | Found Yzoxkuc's Book Emporium.
  4060 | D:6      | Found Pom Cus's Armour Emporium.
  4772 | D:5      | Killed a yak
  4773 | D:5      | Reached XP level 8. HP: 39/53 MP: 8/8
  5115 | D:6      | Reached XP level 9. HP: 60/61 MP: 9/9
  5250 | D:6      | Reached skill level 8 in Maces & Flails
  5338 | D:6      | Upgraded the game from 0.31-a0-1-g4198be8af4 to
                  | 0.31-a0-4-gefa6de2278
  5722 | D:6      | Found a runed translucent gate.
  5722 | D:6      | Found a runed translucent gate.
  5733 | D:6      | Found a runed translucent gate.
  5740 | D:6      | Reached skill level 10 in Fighting
  5868 | D:6      | Noticed schwarznadel's ghost (novice GnMo)
  5868 | D:6      | Noticed a spectral unseen horror
  5926 | D:7      | Reached skill level 9 in Maces & Flails
  6036 | D:7      | Found a runed translucent gate.
  6036 | D:7      | Found a runed translucent gate.
  6036 | D:7      | Found a runed translucent gate.
  6036 | D:7      | Identified the +1 leather armour of the Crypt {+Blink Will-
                  | Dex+9}
  6036 | D:7      | Noticed kuniqs's ghost (novice DsFi)
  6038 | D:7      | Noticed scienide's ghost (novice GrFi)
  6308 | D:7      | Found a staircase to the Ecumenical Temple.
  6400 | D:7      | Reached skill level 10 in Maces & Flails
  6760 | D:7      | Noticed a hornet
  6767 | D:7      | Killed a hornet
  6768 | D:7      | Reached skill level 11 in Maces & Flails
  6768 | D:7      | Reached XP level 10. HP: 68/68 MP: 10/10
  6934 | D:7      | Noticed Duvessa
  6934 | D:7      | Noticed Dowan
  6942 | D:7      | Killed Duvessa
  6955 | D:7      | Killed Dowan
  7258 | D:8      | Noticed a two-headed ogre
  7258 | D:8      | Found a glowing golden altar of the Shining One.
  7405 | D:8      | Found a staircase to the Lair.
  7510 | D:8      | Reached skill level 12 in Maces & Flails
  8184 | D:6      | Bought a +0 buckler of protection for 126 gold pieces
  8315 | D:9      | Identified the +10 mace "Kuedd" {flame, Str+7}
  8452 | D:9      | Reached skill level 5 in Shields
  8527 | D:9      | Found an iron altar of Okawaru.
  8535 | D:9      | Found Akuiff's General Store.
  8553 | D:9      | Became a worshipper of Warmaster Okawaru
  8665 | D:9      | Found Cugenoeg's Distillery.
  8748 | D:9      | Noticed a deep elf pyromancer
  8751 | D:9      | Killed a deep elf pyromancer
  8758 | D:9      | Reached * piety under Okawaru
  8759 | D:9      | Reached skill level 13 in Maces & Flails
  8794 | D:9      | Noticed a two-headed ogre
  8795 | D:9      | Noticed an eight-headed hydra
  8809 | D:9      | HP: 3/68 [eight-headed hydra (4)]
  8810 | D:9      | HP: 1/102 [eight-headed hydra (4)]
  8811 | D:9      | Mangled by a two-headed ogre

Illustrated notes

Levels and vault maps discovered:
D:1:      mrwooster_arrival_statue_2, layout_loops_ring, minmay_split_cup_small
D:2:      layout_basic
D:3:      due_chaos_kobolds, layout_loops_cross, mainiacjoe_overflow_24_doors,
          nicolae_yredelemnul_corpse_copse, roderic_roman_lattice, uniq_ijyb,
          uniq_natasha
D:4:      minmay_diamond_boxcup, layout_cave_pools
D:5:      minmay_octagon_keep, layout_loops_ring, nrook_uturn
D:6:      layout_loops_ring, gammafunk_ghost_necromancy,
          nicolae_shop_distant_corner_stores, kennysheep_generic_room_9
D:7:      minmay_s_stair_smasher, layout_basic, minmay_temple_entry_poolview,
          gammafunk_ghost_cemetery, uniq_duvessa
D:8:      layout_rooms, mainiacjoe_overflow_small_starburst, dpeg_oklobed_lair
D:9:      minmay_chopped_fan, layout_small_grid,
          mainiacjoe_overflow_concentric_impassable, okawaru_gym_becter,
          david_orc_3, serial_shops, nicolae_shop_tiny_statue_garden,
          nicolae_shop_temple_entry_statues_fountains, nicolae_shop_rolled_up,
          nicolae_shop_tiny_statue_garden, shop_statue

Skill      XL: |  1  2  3  4  5  6  7  8  9 10 |
---------------+-------------------------------+-----
Fighting       | 4 7 9 10 | 10.0
Maces & Flails | 3 5 7 11 13 | 13.1
Armour         | 4 |  4.9
Shields        | 5 |  5.0

Action                     |  1- 3 |  4- 6 |  7- 9 | 10-12 || total
---------------------------+-------+-------+-------+-------++-------
  Melee: Flail             |   131 |   204 |   164 |       ||   499
         Unarmed           |       |    16 |       |       ||    16
         Whip              |       |       |   278 |   199 ||   477
         Mace              |       |       |       |    56 ||    56
 Invoke: Heroism           |       |       |       |     1 ||     1
Ability: Evoke Blink       |       |       |       |     1 ||     1
    Use: Potion            |       |       |       |     3 ||     3
 Armour: Scale mail        |    56 |    20 |       |       ||    76
         Ring mail         |       |    65 |   124 |    99 ||   288
         Skin              |       |       |       |     5 ||     5
  Dodge: Dodged            |    84 |   148 |   283 |   152 ||   667
  Block: Buckler           |    23 |    33 |    72 |    53 ||   181

Table legend: (Time is in decaauts)
 A = Elapsed time spent in this place.
 B = Non-inter-level travel time spent in this place.
 C = Inter-level travel time spent in this place.
 D = Time resting spent in this place.
 E = Time spent auto-exploring this place.
 F = Levels seen in this place.
 G = Mean time per level.
                   A        B        C        D        E       F      G
               +--------+--------+--------+--------+--------+-----+--------+
         Total |   8738 |   8131 |    607 |   1055 |   4918 |   9 |  970.9 |
       Dungeon |   8738 |   8131 |    607 |   1055 |   4918 |   9 |  970.9 |
               +--------+--------+--------+--------+--------+-----+--------+

Top non-repeatable levels by time:
     D:7: 1486 daAuts
     D:6: 1317 daAuts
     D:5: 1166 daAuts
     D:3: 1137 daAuts
     D:1: 918 daAuts
     D:2: 857 daAuts
     D:4: 759 daAuts
     D:8: 595 daAuts
     D:9: 501 daAuts
